 Dungeon Crawl Stone Soup version 0.19-a0-1494-gdfa627f (webtiles) character file.

172 Fhqwhgads the Chopper (level 5, -1/41 HPs)
             Began as a Formicid Fighter on Sept 9, 2016.
             Succumbed to a worker ant's poison
             ... on level 4 of the Dungeon.
             The game lasted 00:03:53 (2136 turns).

Fhqwhgads the Chopper (Formicid Fighter)            Turns: 2136, Time: 00:03:53

Health: -1/41      AC: 10    Str: 21    XL:     5   Next: 82%
Magic:  5/5        EV:  7    Int:  8    God:
Gold:   174        SH:  9    Dex:  7    Spells: 0 memorised, 4 levels left

rFire  . . .     SeeInvis +     a - +0 war axe
rCold  . . .     Gourm    .     b - +0 scale mail
rNeg   . . .     Faith    .     c - +0 shield
rPois  .         Spirit   .     (helmet unavailable)
rElec  .         Dismiss  .     h - +2 cloak
rCorr  .         Reflect  .     (no gloves)
MR     .....     Harm     .     (no boots)
Stlth  ..........               (no amulet)
                                t - ring of loudness (curse)
                                w - -3 ring of dexterity (curse)

@: lethally poisoned (-1 -> -12)
A: permanent stasis, dig shafts and tunnels, four strong arms, antennae 3
a: Dig, Shaft Self


You were on level 4 of the Dungeon.
You were not hungry.

You visited 1 branch of the dungeon, and saw 4 of its levels.

You collected 174 gold pieces.

Inventory:

Hand Weapons
 a - a +0 war axe (weapon)
Armour
 b - a +0 scale mail (worn)
 c - a +0 shield (worn)
 h - a +2 cloak (worn)
Jewellery
 g - an uncursed ring of ice
 t - a cursed ring of loudness (right hand)
 w - a cursed -3 ring of dexterity (left hand)
 y - a cursed amulet of inaccuracy {unknown}
Scrolls
 j - a scroll of random uselessness {unknown}
 n - 4 scrolls of identify {unknown}
 p - 3 scrolls of amnesia {unknown}
 q - 3 scrolls of remove curse {unknown}
 s - a scroll of enchant weapon {unknown}
 v - a scroll of teleportation {unknown}
Potions
 d - 2 potions of might
 e - 2 potions of degeneration {unknown}
 i - 2 potions of curing {unknown}
 l - 2 potions of heal wounds {unknown}
 o - a potion of agility {unknown}
 r - a potion of haste {unknown}
 x - a potion of flight {unknown}
Comestibles
 f - 5 bread rations
 k - a meat ration
 m - a royal jelly
 u - 4 chunks of flesh


   Skills:
 - Level 3.2 Fighting
 + Level 5.5 Axes
 - Level 3.2 Armour
 - Level 3.6 Shields


You had 4 spell levels left.
You didn't know any spells.

Dungeon Overview and Level Annotations

Branches:
Dungeon (4/15)
 Temple: D:4-7

Altars:
Hepliaklqana
Xom


Innate Abilities, Weirdness & Mutations

You are under a permanent stasis effect.
You can dig through walls and to a lower floor.
Your four strong arms can wield two-handed weapons with a shield.
You have a pair of large antennae on your head. (SInv)


Message History

The centaur is moderately wounded.
You hit the worker ant.
You feel sick. You block the worker ant's attack. The centaur hits you.
The worker ant bites you but does no damage.
The centaur hits you.
Unknown command.
You closely miss the centaur.
The centaur is moderately wounded.
You hit the worker ant. You block the centaur's attack.
The worker ant bites you.
* * * LOW HITPOINT WARNING * * *
You are lethally poisoned!
The worker ant poisons you! The centaur hits you.
* * * LOW HITPOINT WARNING * * *
The worker ant bites you.
* * * LOW HITPOINT WARNING * * *
You hit the centaur.
The centaur is heavily wounded.
You closely miss the worker ant.
You die...

#... #. ##
#.#.##...##
......#..
##......
###......#
##...#....#
..........#
.......|.<#
......a@..#
......c...#
.............
.$..$..........
..........##....
......##### ....
...... ...
###### ##


You could see a centaur and a worker ant.

Vanquished Creatures
  2 orc priests (D:3)
  An orc wizard (D:3)
  3 adders
  A worm (D:3)
  2 dart slugs (D:1)
  2 giant geckos (D:2)
  8 orcs (D:3)
  2 giant cockroaches
  5 goblins
  2 hobgoblins
  2 jackals (D:1)
  5 kobolds
  A quokka (D:2)
  9 bats
  A giant newt (D:2)
  3 rats
49 creatures vanquished.

Notes
Turn   | Place    | Note
-------+----------+-------------------------------------------
     0 | D:1      | Fhqwhgads the Formicid Fighter began the quest for the Orb.
     0 | D:1      | Reached XP level 1. HP: 18/18 MP: 1/1
   414 | D:1      | Reached XP level 2. HP: 24/24 MP: 2/2
   652 | D:1      | Reached skill level 3 in Axes
   838 | D:2      | Reached XP level 3. HP: 28/29 MP: 3/3
  1370 | D:3      | Reached skill level 4 in Axes
  1370 | D:3      | Reached XP level 4. HP: 32/35 MP: 4/4
  1485 | D:3      | Reached skill level 5 in Axes
  1485 | D:3      | Reached XP level 5. HP: 28/41 MP: 5/5
  1531 | D:3      | Found a shimmering altar of Xom.
  1532 | D:3      | Found a hazy altar of Hepliaklqana.
  1532 | D:3      | Noticed a soldier ant
  1538 | D:3      | Noticed a spectral ugly thing
  1538 | D:3      | Noticed a soldier ant
  2128 | D:4      | Noticed a centaur
  2135 | D:4      | HP: 1/41 [worker ant (5)]
  2136 | D:4      | Succumbed to a worker ant's poison

Vault maps used:
D:1:      dpeg_arrival_circle_labyrinth_a
D:2:      first_bread
D:3:      regret_index_temple_of_mockery, grunt_ministairs_3
D:4:      nicolae_gozag_cash_rules_everything_around_me, kennysheep_mini,
          kennysheep_potato

Skill      XL: |  1  2  3  4 |
---------------+-------------+-----
Axes           | 3 4 5 |  5.5
Fighting       | |  3.2
Armour         | |  3.2
Shields        | |  3.6

Action                   |  1- 3 |  4- 6 || total
-------------------------+-------+-------++-------
Melee: War axe           |   120 |    94 ||   214
 Abil: Dig               |     1 |       ||     1
  Eat: Chunk             |     1 |     3 ||     4
Armor: Scale mail        |    59 |    74 ||   133
Dodge: Dodged            |    38 |    27 ||    65
Block: Shield            |    57 |    76 ||   133
